 Dungeon Crawl Stone Soup version 0.23-a0-175-g97aacdb (webtiles) character file.

140 corax the Skirmisher (level 5, -4/41 HPs)
             Began as a Mummy Fighter on Sept 16, 2018.
             Killed from afar by an orc wizard (7 damage)
             ... with a magic dart
             ... on level 3 of the Dungeon.
             The game lasted 00:05:56 (2201 turns).

corax the Skirmisher (Mummy Fighter)                Turns: 2201, Time: 00:05:57

Health: -4/41      AC:  6    Str: 20    XL:     5   Next: 2%
Magic:  5/5        EV:  7    Int:  8    God:
Gold:   119        SH:  9    Dex: 11    Spells: 4/4 levels left

rFire    . . .     SeeInvis .   a - +0 long sword
rCold    + + .     Gourm    .   c - +0 shield
rNeg     + + +     Faith    .   b - +0 scale mail
rPois    ∞         Spirit   .   (no helmet)
rElec    .         Reflect  .   (no cloak)
rCorr    .         Harm     .   (no gloves)
MR       .....                  (no boots)
Stlth    ..........             (no amulet)
HPRegen  0.13/turn              d - ring of protection from fire
MPRegen  0.09/turn              i - ring of protection from cold

@: no status effects
A: no food or potions, fire vulnerability, cold resistance 1, negative energy
resistance 3, torment resistance, unbreathing
a: no special abilities


You were on level 3 of the Dungeon.
You were not hungry.

You visited 1 branch of the dungeon, and saw 3 of its levels.

You collected 119 gold pieces.

Inventory:

Hand Weapons
 a - a +0 long sword (weapon)
Armour
 b - a +0 scale mail (worn)
 c - a +0 shield (worn)
Jewellery
 d - a ring of protection from fire (left hand)
 i - a ring of protection from cold (right hand)
 n - a +6 ring of strength {unknown}
 o - an uncursed ring of fire {unknown}
Scrolls
 e - 2 scrolls of amnesia {unknown}
 f - a scroll of remove curse {unknown}
 g - 3 scrolls of teleportation {unknown}
 h - a scroll of random uselessness {unknown}
 j - 3 scrolls of identify {unknown}
 k - a scroll of blinking {unknown}
 l - 2 scrolls of enchant armour {unknown}
 m - a scroll of fog {unknown}
 p - a scroll of magic mapping {unknown}


   Skills:
 + Level 3.5 Fighting
 + Level 2.1 Long Blades
 + Level 1.3 Throwing
 + Level 3.0 Armour
 + Level 1.2 Dodging
 + Level 2.8 Shields


You had 4 spell levels left.
You didn't know any spells.
Your spell library was empty.

Dungeon Overview and Level Annotations

Branches:
Dungeon (3/15)

Altars:
Dithmenos


Innate Abilities, Weirdness & Mutations

You do not eat or drink.
Your flesh is vulnerable to fire.
You are immune to poison.
Your flesh is cold resistant. (rC+)
You are immune to negative energy. (rN+++)
You are immune to unholy pain and torment.
You can survive without breathing.


Message History

You bump into the rock wall.
Something hits you.
* * * LOW HITPOINT WARNING * * *
You bump into the rock wall.
You hear some strange, mumbled words.
Something tries to affect you, but you resist.
You bump into the rock wall.
Something hits you but does no damage.
A magic dart appears from out of thin air!
The magic dart hits you!
* * * LOW HITPOINT WARNING * * *
You feel less confused.
An orc wizard appears from thin air!
Reactivating autopickup.
The orc wizard points at you and mumbles some strange words.
You resist with some effort. The orc wizard casts a spell at you.
The puff of flame hits you!
* * * LOW HITPOINT WARNING * * *
The orc wizard gestures at you while chanting.
The magic dart hits you!
You die...

########o{##)#
#.#
##.##.########.#
#.)#.##...o...#
##.#.##o#######
#)#.##.#
#)(.##.#
##..##.#
#..##.###
#..##.@.#
##.####.##
#>.)....#
#########


You could see an orc wizard.

Vanquished Creatures
  An orc wizard (D:3)
  3 adders
  An ooze (D:1)
  2 worms (D:2)
  4 dart slugs
  2 leopard geckos (D:2)
  2 orcs (D:3)
  6 giant cockroaches
  6 goblins
  8 hobgoblins
  5 bats
  3 frilled lizards
  11 kobolds
  7 rats
61 creatures vanquished.

Notes
Turn   | Place    | Note
-------+----------+-------------------------------------------
     0 | D:1      | corax the Mummy Fighter began the quest for the Orb.
     0 | D:1      | Reached XP level 1. HP: 18/18 MP: 1/1
    51 | D:1      | Reached XP level 2. HP: 22/24 MP: 2/2
   730 | D:1      | Reached XP level 3. HP: 29/29 MP: 3/3
  1499 | D:2      | Reached skill level 1 in Throwing
  1516 | D:2      | Reached XP level 4. HP: 25/35 MP: 4/4
  1521 | D:2      | Reached skill level 1 in Dodging
  1712 | D:2      | Found a shadowy altar of Dithmenos.
  2162 | D:3      | Reached XP level 5. HP: 12/41 MP: 5/5
  2201 | D:3      | Killed from afar by an orc wizard

Vault maps used:
D:1:      roderic_crop_circles_arrival_small
D:2:      nicolae_dithmenos_through_a_glass_darkly
D:3:      first_ration

Skill      XL: |  1  2  3  4 |
---------------+-------------+-----
Throwing       | 1 |  1.3
Long Blades    | 2 |  2.1
Dodging        | 1 |  1.2
Armour         | 3 |  3.0
Fighting       | |  3.5
Shields        | |  2.8

Action                   |  1- 3 |  4- 6 || total
-------------------------+-------+-------++-------
Melee: Long sword        |   126 |    75 ||   201
Armor: Scale mail        |    66 |    40 ||   106
Dodge: Dodged            |    45 |    26 ||    71
Block: Shield            |    52 |    37 ||    89
       Rpst.: Long sword |    17 |    10 ||    27

Table legend:
 A = Non-vault XP
 B = Vault XP
 C = Vault XP percentage of total XP
 D = Non-vault monster count
 E = Vault monster count
 F = Vault count percentage of total count
                 A         B        C        D         E       F
            +---------+---------+-------+---------+---------+-------
      Total |     200 |       0 |   0.0 |      61 |       0 |   0.0
            +---------+---------+-------+---------+---------+-------
        D:1 |      46 |       0 |   0.0 |      21 |       0 |   0.0
        D:2 |      63 |       0 |   0.0 |      25 |       0 |   0.0
        D:3 |      91 |       0 |   0.0 |      15 |       0 |   0.0
            +---------+---------+-------+---------+---------+-------
